 Dungeon Crawl Stone Soup version 0.31-a0-841-g038b102fc3 (webtiles) character file.

Game seed: 9765592867977189936

14709 Kurtz the Cleaver (level 12, 0/80 HPs)
             Began as an Octopode Fighter on Sept 27, 2023.
             Was a High Priest of Okawaru.
             Slain by Frances
             ... wielding a +0 trident of venom
              (8 damage)
             ... on level 13 of the Dungeon.
             The game lasted 00:18:40 (12351 turns).

Kurtz the Cleaver (Octopode Fighter)               Turns: 12351, Time: 00:18:41

Health: 0/80       AC:  1    Str: 17    XL:     12   Next: 19%
Magic:  16/16      EV: 19    Int: 11    God:    Okawaru [*****.]
Gold:   660        SH:  7    Dex: 14    Spells: 11/11 levels left

rFire   . . .        p - +0 war axe (elec)
rCold   . . .        b - +0 buckler
rNeg    . . .        (helmet restricted)
rPois   .            m - amulet of regeneration
rElec   .            t - +4 ring of slaying
rCorr   +            g - ring of wizardry
SInv    .            J - ring of resist corrosion
Will    .....        (no ring)
Stlth   ++++++       (no ring)
HPRegen 1.13/turn    (no ring)
MPRegen 0.15/turn    (no ring)
                     (no ring)

%: wizardry (x1)
@: lethally poisoned (0 -> -9), heroic
A: almost no armour, amphibious, 8 rings, camouflage 1, gelatinous body 1,
(nimble swimmer 1), tentacles
a: Renounce Religion, Heroism, Finesse, Duel


You were on level 13 of the Dungeon.
You worshipped Okawaru.
Okawaru was extremely pleased with you.
You visited 1 branch of the dungeon, and saw 13 of its levels.

You collected 684 gold pieces.
You spent 24 gold pieces at shops.

Inventory:

Hand Weapons
 a - a +0 war axe
 p - a +0 war axe of electrocution (weapon)
 r - a +0 heavy hand axe
 w - a +1 whip of freezing
 A - a +6 hand axe
 D - a +1 war axe of holy wrath
 E - a +3 flail of venom
Missiles
 v - a silver javelin
 F - 10 poisoned darts
 I - 3 throwing nets
 K - 2 boomerangs
Armour
 b - a +0 buckler (worn)
Jewellery
 g - a ring of wizardry (right tentacle)
 m - an amulet of regeneration (around mantle)
 t - a +4 ring of slaying (left tentacle)
 J - a ring of resist corrosion (on tentacle)
Wands
 e - a wand of roots (8)
Scrolls
 c - a scroll of butterflies
 i - 2 scrolls of enchant weapon
 j - 3 scrolls of teleportation
 k - 4 scrolls of identify
 n - a scroll of blinking
 o - 2 scrolls of brand weapon
 G - a scroll of fear {unknown}
Potions
 d - 2 potions of resistance
 f - 5 potions of curing
 h - a potion of cancellation
 q - a potion of degeneration
 s - a potion of enlightenment
 u - a potion of attraction
 x - a potion of berserk rage {unknown}
 z - a potion of invisibility {unknown}
 C - 2 potions of might
 H - a potion of haste {unknown}


   Skills:
 - Level 6.9(11.9) Fighting
 * Level 14.7(19.7) Axes
 - Level 7.3(12.3) Dodging
 - Level 6.1(11.1) Stealth
 - Level 6.1(11.1) Shields
 - Level 6.1 Invocations


You had 11 spell levels left.
You didn't know any spells.
Your spell library contained the following spells:

 Spells                   Type           Power      Damage    Failure   Level
 Apportation              Tloc           0%         N/A       16%         1
 Freeze                   Ice            0%         1d3       16%         1
 Necrotise                Necr           0%         1d4       16%         1
 Sandblast                Erth           0%         2d4       16%         1
 Sting                    Tmut/Pois      0%         1d3       16%         1
 Passwall                 Tmut/Erth      0%         N/A       24%         2
 Poisonous Vapours        Pois/Air       0%         N/A       24%         2
 Frozen Ramparts          Ice            0%         1d1       43%         3
 Hailstorm                Conj/Ice       0%         3d3       43%         3
 Stone Arrow              Conj/Erth      0%         3d7       43%         3
 Vampiric Draining        Necr           0%         2d6       43%         3
 Volatile Blastmotes      Fire/Tloc      0%         2d10      43%         3
 Brom's Barrelling Bould  Conj/Erth      0%         2d3       82%         4
 Fulminant Prism          Conj/Hex       0%         3d5       82%         4
 Iskenderun's Mystic Bla  Conj/Tloc      0%         2d3       82%         4
 Manifold Assault         Tloc           0%         N/A       82%         4
 Olgreb's Toxic Radiance  Pois           0%         N/A       82%         4
 Agony                    Necr           0%         N/A       98%         5
 Dispersal                Tloc           0%         N/A       100%        6
 Disjunction              Tloc           0%         N/A       100%        8
 Summon Small Mammal      Summ           Unusable   N/A       N/A         1

Dungeon Overview and Level Annotations

Branches:
Dungeon (13/15)            Temple (0/1) D:7            Lair (0/5) D:10
    Orc (0/2) D:9
 Vaults: D:13-14

Altars:
Kikubaaqudgha
Nemelex Xobeh
Okawaru
Uskayaw
The Shining One

Shops:
D:2 *   D:5 [   D:9 ([

Portals:
Ice
Cave: D:13

Annotations:
D:3 1 runed translucent door, soul19's ghost, amateur DsFi
D:6 exclusions: door and upstairs
D:7 exclusion: bullfrog
D:9 exclusion: vampire
D:10 2 transporters
D:12 Snorg
D:13 Frances


Innate Abilities, Weirdness & Mutations

You cannot wear most types of armour.
You are amphibious.
You can wear up to eight rings at the same time.
Your skin changes colour to match your surroundings (Stealth+).
Your rubbery body absorbs attacks. (AC +1, EV +1)
((You are camouflaged when in or above water. (Stealth+)))
You have tentacles for arms and can constrict up to eight enemies at once.


Message History

Frances is moderately wounded.
You constrict Frances.
Frances hits you with a +0 trident of venom!!
You are poisoned.
You hit Frances. You squeeze Frances, but do no damage.
Frances is moderately wounded.
You constrict Frances.
You feel very sick.
You hit Frances but do no damage. You squeeze Frances!
Frances is heavily wounded.
You constrict Frances.
You feel sick. Frances completely misses you.
You barely miss Frances. You squeeze Frances!
Frances is heavily wounded.
You constrict Frances, but do no damage.
You feel sick.
Frances hits you with a +0 trident of venom!
You are more poisoned.
You hit Frances. You tentacle-slap Frances. You squeeze Frances.
Frances is severely wounded.
You constrict Frances, but do no damage.
You feel very sick.
You slash Frances! You squeeze Frances!
Frances is severely wounded.
You constrict Frances, but do no damage.
You feel very sick.
Frances chants phrases taken from a devil's mouth.
You hit Frances. Lightning courses through Frances!
Frances is almost dead.
You constrict Frances.
You feel very sick.
Frances hits you with a +0 trident of venom!!
* * * LOW HITPOINT WARNING * * *
You are lethally poisoned!
You hit Frances. Your squeeze misses Frances.
Frances is almost dead.
You constrict Frances, but do no damage.
* * * LOW HITPOINT WARNING * * *
You feel very sick.
Frances hits you with a +0 trident of venom!
You die...

#(....#
#.....##
#.......##
##.....#..
#.....#.#..
#....#.∩.
###.....#
#.@@4.#
#.#...#
#.#..<#
#.#...#
#.#...#
#.#....
#.#.####
#.#.# #.#.#


You could see Frances and a rust devil (summoned).

Vanquished Creatures
  2 two-headed ogres
  A tengu warrior (D:9)
  Pikel (D:5)
  4 cyclopes
  2 unseen horrors
  Jeremiah (D:8)
  A kobold demonologist (D:9)
  3 trolls
  A hornet (D:9)
  7 slime creatures
  2 wraiths
  2 shadows (D:9)
  14 yaks
  A wyvern (D:9)
  A steam dragon (D:8)
  2 vampire mosquitoes (D:12)
  2 water moccasins
  An acid dragon (D:12)
  6 orc warriors
  An ice beast (D:8)
  2 sky beasts (D:7)
  2 black bears
  3 ogres
  4 centaurs
  A lemure (D:6)
  2 phantoms (D:5)
  3 kobold brigands
  6 bullfrogs
  A gnoll sergeant (D:9)
  5 scorpions
  13 killer bees
  3 howler monkeys (D:11)
  A jelly (D:7)
  9 orc priests
  A hound (D:5)
  A gnoll bouda (D:5)
  Natasha (D:4)
  2 iguanas
  10 orc wizards
  A scorpion zombie (D:3)
  A hound zombie (D:3)
  2 hound skeletons (D:3)
  A howler monkey zombie (D:3)
  Robin (D:2)
  7 gnolls
  3 adders
  2 white imps
  An adder skeleton (D:3)
  An adder zombie (D:3)
  3 worms
  3 dart slugs
  34 orcs
  3 endoplasms
  6 giant cockroaches
  17 goblins
  10 hobgoblins
  2 jackals (D:4)
  16 kobolds
  4 quokkas
  6 ball pythons
  A ball python zombie (D:3)
  7 bats
  A jackal skeleton (D:3)
  2 quokka zombies (D:3)
  5 rats
265 creatures vanquished.

Notes
Turn   | Place    | Note
-------+----------+-------------------------------------------
     0 | D:1      | Kurtz the Octopode Fighter began the quest for the Orb.
     0 | D:1      | Reached XP level 1. HP: 16/16 MP: 1/1
   150 | D:1      | Reached XP level 2. HP: 21/21 MP: 2/2
   311 | D:1      | Reached skill level 3 in Axes
   410 | D:1      | Found a faded altar of an unknown god.
   737 | D:1      | Reached XP level 3. HP: 26/26 MP: 3/3
   898 | D:2      | Noticed Robin
   907 | D:2      | Killed Robin
   908 | D:2      | Reached skill level 4 in Axes
  1256 | D:2      | Found Yheng's General Store.
  1260 | D:2      | Bought a scroll of identify for 24 gold pieces
  1279 | D:2      | Reached XP level 4. HP: 21/31 MP: 4/4
  1862 | D:3      | Reached skill level 5 in Axes
  1892 | D:3      | Found a runed translucent door.
  1899 | D:3      | Reached XP level 5. HP: 36/36 MP: 5/5
  2219 | D:3      | Noticed soul19's ghost (amateur DsFi)
  2650 | D:4      | Reached skill level 6 in Axes
  2650 | D:4      | Reached XP level 6. HP: 37/42 MP: 6/6
  2843 | D:4      | Identified the +3 dagger "Earthworm" {protect, rN+ Str+3}
  3186 | D:4      | Noticed Natasha
  3192 | D:4      | Killed Natasha
  3199 | D:4      | Reached skill level 7 in Axes
  3277 | D:4      | Found a glowing golden altar of the Shining One.
  3277 | D:4      | Found a faded altar of an unknown god.
  3284 | D:4      | Found an iron altar of Okawaru.
  3286 | D:4      | Found a faded altar of an unknown god.
  3288 | D:4      | Found a sparkling altar of Nemelex Xobeh.
  3293 | D:4      | Became a worshipper of Warmaster Okawaru
  3318 | D:5      | Entered Level 5 of the Dungeon
  3341 | D:5      | Reached XP level 7. HP: 39/46 MP: 7/7
  3497 | D:5      | Reached skill level 1 in Stealth
  3498 | D:5      | Found Unguz's Armour Shop.
  3504 | D:5      | Reached skill level 1 in Invocations
  3633 | D:5      | Noticed Pikel
  3732 | D:6      | Reached * piety under Okawaru
  3733 | D:6      | Reached skill level 8 in Axes
  3757 | D:6      | Reached XP level 8. HP: 35/52 MP: 9/9
  4104 | D:6      | Identified the +0 falchion of Toxath {freeze, Will+ Int+2}
  4684 | D:7      | Reached skill level 9 in Axes
  4827 | D:7      | Found a staircase to the Ecumenical Temple.
  5045 | D:5      | Killed Pikel
  5045 | D:5      | Reached ** piety under Okawaru
  5046 | D:5      | Reached XP level 9. HP: 58/58 MP: 9/11
  5906 | D:7      | Reached skill level 10 in Axes
  5911 | D:7      | Identified the +1 scale mail of the Wumpus {rC+ Will+
                  | Int+5}
  6171 | D:7      | Reached skill level 5 in Dodging
  6279 | D:8      | Noticed Jeremiah
  6686 | D:8      | Killed Jeremiah
  6686 | D:8      | Reached *** piety under Okawaru
  6824 | D:8      | Reached skill level 5 in Stealth
  6828 | D:8      | Reached XP level 10. HP: 38/65 MP: 13/13
  6954 | D:8      | Reached skill level 5 in Shields
  7884 | D:8      | HP: 2/65 [troll (11)]
  8066 | D:9      | Found Luka Sol's Weapon Shoppe.
  8066 | D:9      | Found a staircase to the Orcish Mines.
  8066 | D:9      | Found Ledial's Armour Shoppe.
  8080 | D:10     | Entered Level 10 of the Dungeon
  8181 | D:9      | Reached skill level 5 in Fighting
  8194 | D:9      | Reached **** piety under Okawaru
  8195 | D:9      | Reached skill level 11 in Axes
  8328 | D:9      | Reached skill level 5 in Invocations
  8550 | D:9      | Paralysed by a hornet for 1 turns
  8683 | D:10     | Reached ***** piety under Okawaru
  8739 | D:10     | Found a staircase to the Lair.
  8785 | D:10     | Noticed a cyclops
  8797 | D:10     | Killed a cyclops
  8844 | D:10     | Reached XP level 11. HP: 62/72 MP: 15/15
  8857 | D:10     | Received a gift from Okawaru
  9017 | D:10     | Found a transporter.
  9027 | D:10     | Found a transporter.
  9056 | D:10     | Found a transporter.
  9057 | D:10     | Found a transporter.
  9134 | D:10     | Reached skill level 12 in Axes
  9423 | D:10     | Found a transporter.
  9434 | D:10     | Found a transporter.
  9517 | D:9      | Found an ancient bone altar of Kikubaaqudgha.
  9564 | D:9      | Noticed a tengu warrior
  9630 | D:9      | Killed a tengu warrior
  9982 | D:9      | Found a hide-covered altar of Uskayaw.
 10011 | D:9      | Noticed a boulder beetle
 10012 | D:9      | Noticed a red ugly thing
 10296 | D:11     | Noticed a two-headed ogre
 10308 | D:11     | Killed a two-headed ogre
 10309 | D:11     | Reached skill level 13 in Axes
 10729 | D:11     | Noticed a cyclops
 10736 | D:11     | Killed a cyclops
 10865 | D:11     | Noticed a cyclops
 10874 | D:11     | Killed a cyclops
 11004 | D:12     | Noticed a two-headed ogre
 11124 | D:12     | Killed a two-headed ogre
 11124 | D:12     | Received a gift from Okawaru
 11143 | D:12     | Noticed a cyclops
 11160 | D:12     | Killed a cyclops
 11161 | D:12     | Reached skill level 14 in Axes
 11161 | D:12     | Reached XP level 12. HP: 80/80 MP: 16/16
 11947 | D:12     | Noticed Snorg
 12323 | D:13     | Found a frozen archway.
 12323 | D:13     | Noticed Frances
 12351 | D:13     | Slain by Frances

Illustrated notes

Levels and vault maps discovered:
D:1:      giann_wishing_wells, layout_loops_ring,
          shapermc_ecumenical_altar_pompeii
D:2:      layout_loops_ring, serial_shops, shop, serial_forest,
          infiniplex_forest_lined_2, infiniplex_forest_straight_4,
          infiniplex_forest_end_2, infiniplex_forest_clump_curved,
          infiniplex_forest_lined_3, infiniplex_forest_end_1,
          serial_bayou_crossing, uniq_robin
D:3:      layout_rooms, ebering_ghost_sewer_d, serial_undead, serial_undead_f,
          serial_undead_a, serial_undead_a, serial_undead_a, serial_undead_a,
          serial_undead_f, serial_undead_a, minmay_cut_off
D:4:      layout_basic, chequers_temple_overflow_minitemple, uniq_natasha
D:5:      layout_rooms, serial_shops, shop, uniq_pikel
D:6:      layout_gridville, dreamdust_princess_bridge, minivault_22,
          hangedman_decor_slide_cut
D:7:      layout_loops_ring, minmay_temple_entry_butterflies
D:8:      layout_basic, uniq_jeremiah
D:9:      minmay_s_stair_smasher, layout_basic, mainiacjoe_overflow_alcove_4,
          nicolae_uskayaw_dance_hall, mainiacjoe_overflow_boulevard,
          orc_david_3, minivault_28
D:10:     layout_loops_ring, lair_entry_dummy, serial_nicolae_subway,
          nicolae_sub_station_metal, nicolae_sub_station_crystal,
          nicolae_sub_station_stone
D:11:     layout_long_grid, bh_walls_and_bars
D:12:     layout_roguey, lemuel_flame_loot_1, uniq_snorg
D:13:     minmay_the_grid_octo_triangle [minmay_the_grid_octo_tetromino_candy,
          minmay_the_grid_octo_prize_ultimate_mussel_roller,
          minmay_the_grid_octo_empty], layout_basic,
          portal_ice_cave_entry_pillars_2, serial_bayou, serial_bayou_pond_a,
          serial_bayou_shore_a, serial_bayou_pond_d, serial_bayou_lagoon_b,
          uniq_frances

Skill      XL: |  1  2  3  4  5  6  7  8  9 10 11 |
---------------+----------------------------------+-----
Axes           | 3 4 5 6 7 8 9 10 11 14 | 14.7
Stealth        | 1 3 5 6 |  6.1
Invocations    | 1 3 4 5 6 |  6.1
Fighting       | 4 6 |  6.9
Dodging        | 4 5 6 7 |  7.3
Shields        | 4 5 6 |  6.1

Action                     |  1- 3 |  4- 6 |  7- 9 | 10-12 || total
---------------------------+-------+-------+-------+-------++-------
  Melee: War axe           |    59 |   107 |    51 |   209 ||   426
         Constrict         |    16 |    29 |    44 |    33 ||   122
         Tentacles         |    11 |    23 |    48 |    83 ||   165
         Punch             |       |     1 |     9 |     9 ||    19
         Hand axe          |       |       |    85 |    99 ||   184
         Whip              |       |       |    48 |       ||    48
  Throw: Dart              |       |       |     1 |    19 ||    20
 Invoke: Heroism           |       |       |     1 |     6 ||     7
  Evoke: Wand              |       |       |    24 |    16 ||    40
    Use: Potion            |     1 |     1 |     1 |     2 ||     5
         Scroll            |       |     3 |     8 |     5 ||    16
   Stab: Sleeping          |     9 |     8 |     3 |     3 ||    23
         Paralysed         |       |       |     2 |       ||     2
         Distracted        |       |       |     1 |     2 ||     3
 Armour: Skin              |    28 |    54 |    91 |   156 ||   329
  Dodge: Dodged            |    30 |    61 |    99 |   144 ||   334
  Block: Buckler           |    13 |    18 |    38 |    67 ||   136

Table legend: (Time is in decaauts)
 A = Elapsed time spent in this place.
 B = Non-inter-level travel time spent in this place.
 C = Inter-level travel time spent in this place.
 D = Time resting spent in this place.
 E = Time spent auto-exploring this place.
 F = Levels seen in this place.
 G = Mean time per level.
                   A        B        C        D        E       F      G
               +--------+--------+--------+--------+--------+-----+--------+
         Total |  12373 |  11418 |    955 |   2286 |   6977 |  13 |  951.8 |
       Dungeon |  12373 |  11418 |    955 |   2286 |   6977 |  13 |  951.8 |
               +--------+--------+--------+--------+--------+-----+--------+

Top non-repeatable levels by time:
     D:7: 1601 daAuts
     D:8: 1556 daAuts
    D:12: 1347 daAuts
     D:2: 1046 daAuts
     D:6: 911 daAuts
    D:10: 896 daAuts
     D:9: 889 daAuts
    D:11: 887 daAuts
     D:5: 841 daAuts
     D:3: 809 daAuts
     D:1: 789 daAuts
     D:4: 770 daAuts
    D:13: 26 daAuts
